 Dungeon Crawl Stone Soup version 0.27.0-1-g7a089689b8 (webtiles) character file.

Game seed: 10036589019441110411

56 gimp the Sneak (level 3, -1/18 HPs)
             Began as a Spriggan Transmuter on Aug 11, 2021.
             Slain by a goblin (3 damage)
             ... led by Robin
             ... on level 1 of the Dungeon.
             The game lasted 00:04:08 (1995 turns).

gimp the Sneak (Spriggan Transmuter)                Turns: 1995, Time: 00:04:09

Health: -1/18      AC:  2    Str:  6    XL:     3   Next: 69%
Magic:  7/8        EV: 17    Int: 14    God:
Gold:   58         SH:  0    Dex: 16    Spells: 6/7 levels left

rFire    . . .     SeeInvis +   b - +0 dagger
rCold    . . .     Faith    .   (shield restricted)
rNeg     . . .     Spirit   .   a - +0 robe
rPois    .         Reflect  .   (helmet currently unavailable)
rElec    .         Harm     .   (no cloak)
rCorr    .         Rampage  .   (gloves unavailable)
Will     .....                  (boots unavailable)
Stlth    +++.......             (no amulet)
HPRegen  0.06/turn              (no ring)
MPRegen  0.11/turn              (no ring)

@: appendages, very quick
A: horns 2, talons 2, very small, no large weapons, unfitting armour, see
invisible, speed 3
a: End Transformation


You were on level 1 of the Dungeon.
You had temporarily grown beastly horns and talons.
You visited 1 branch of the dungeon, and saw 2 of its levels.

You collected 58 gold pieces.

Inventory:

Hand Weapons
 b - a +0 dagger (weapon)
Armour
 a - a +0 robe (worn)
Scrolls
 c - a scroll of amnesia {unknown}
 d - a scroll of teleportation {unknown}
 f - a scroll of fog {unknown}


   Skills:
 + Level 2.1 Fighting
 - Level 2.6 Dodging
 + Level 3.7 Stealth
 - Level 2.4 Unarmed Combat
 - Level 2.6 Spellcasting
 - Level 2.6 Transmutations


You had 6 spell levels left.
You knew the following spells:

 Your Spells              Type           Power      Damage    Failure   Level
a - Beastly Appendage     Tmut           18%        N/A       8%          1

Your spell library contained the following spells:

 Spells                   Type           Power      Damage    Failure   Level
 Wereblood                Tmut           9%         N/A       11%         2
 Spider Form              Tmut/Pois      2%         N/A       36%         3
 Ice Form                 Ice/Tmut       5%         N/A       77%         4


Dungeon Overview and Level Annotations

Branches:
Dungeon (2/15)

Altars:

Annotations:
D:2 Robin


Innate Abilities, Weirdness & Mutations

You have temporarily grown beastly horns and talons.
You are very small and have problems with some larger weapons.
You are too small for most types of armour.
You have supernaturally acute eyesight. (SInv)
You cover ground extremely quickly. (Speed+++)


Message History

The goblin barely misses you. The ball python completely misses you.
The ball python barely misses you. The hobgoblin misses you.
You completely miss the goblin.
The goblin is heavily wounded.
The ball python closely misses you. The ball python misses you.
The goblin hits you but does no damage. The hobgoblin closely misses you.
The ball python misses you. The ball python completely misses you.
Casting: Beastly Appendage (safe; 8% risk of failure)
Confirm with . or Enter, or press ? or * to list all spells.
You grow a pair of large bovine horns.
Your feet morph into talons.
The goblin misses you. The hobgoblin misses you.
The ball python closely misses you. The ball python grabs you.
The ball python constricts you.
You take 1 damage, and have 17/18 hp.
You now have 7/8 mp.
You barely miss the goblin.
The goblin is moderately wounded.
The goblin hits you with a +0 dagger. The hobgoblin hits you.
The ball python bites you. The ball python constricts you.
You take 7 damage, and have 10/18 hp.
MASSIVE DAMAGE!!
You hit the ball python.
You kill the ball python!
The goblin hits you with a +0 dagger.
The hobgoblin hits you but does no damage.
You take 1 damage, and have 9/18 hp.
You hit the goblin. Your kick misses the goblin.
The goblin is severely wounded.
The goblin hits you with a +0 dagger. The goblin misses you.
The hobgoblin misses you.
You take 2 damage, and have 7/18 hp.
You completely miss the goblin. You headbutt the goblin.
You kill the goblin!
The goblin hits you with a +0 club. The hobgoblin closely misses you.
You take 1 damage, and have 6/18 hp.
You hit the goblin but do no damage. The goblin hits you with a +0 club.
* * * LOW HITPOINT WARNING * * *
The hobgoblin closely misses you. The goblin hits you with a +0 dagger.
* * * LOW HITPOINT WARNING * * *
You take 4 damage, and have 2/18 hp.
MASSIVE DAMAGE!!
You hit the goblin but do no damage. The goblin hits you with a +0 club.
You die...

#### #.#.#.# ######...# .).#
#.#.#.# #........# ##.# #.#...#
#.####..## #.# #.#...# #.# #..##
#.# #.#...# ####.# #...#
#.#####.#...######....# #.#.#
##.##...........g##.#### #.#.#
.#.##.##..######g##.#######...###
.#.##.##...# #@##.............#
.#.##.###..# #gg..........###.#
.#.##.###..#####g.#.#######.###.#
..................#.######....#.#
...........#####.##.รท............
..###.##.#.#####.##.####......#..
..###............##.# ##...#.#.#
...........########.# #..#.#.#.#
.#######.### #.# #.########


You could see 2 hobgoblins and 3 goblins.

Vanquished Creatures
  An adder (D:2)
  A dart slug (D:1)
  4 ball pythons (D:1)
  3 endoplasms (D:1)
  7 giant cockroaches
  5 goblins
  2 hobgoblins (D:1)
  3 quokkas (D:1)
  5 bats
  A frilled lizard (D:1)
  4 kobolds (D:1)
  3 rats (D:1)
39 creatures vanquished.

Vanquished Creatures (others)
  A fungus (D:2)
1 creature vanquished.

Grand Total: 40 creatures vanquished

Notes
Turn   | Place    | Note
-------+----------+-------------------------------------------
     0 | D:1      | gimp the Spriggan Transmuter began the quest for the Orb.
     0 | D:1      | Reached XP level 1. HP: 9/9 MP: 5/5
    67 | D:1      | Reached skill level 1 in Fighting
    77 | D:1      | Reached skill level 1 in Stealth
   251 | D:1      | Reached skill level 2 in Stealth
   251 | D:1      | Reached XP level 2. HP: 5/14 MP: 6/6
  1459 | D:1      | Reached skill level 3 in Stealth
  1508 | D:1      | Reached XP level 3. HP: 15/18 MP: 8/8
  1679 | D:1      | You fall into a shaft and drop 1 floor!
  1855 | D:2      | Noticed Robin
  1995 | D:1      | Slain by a goblin

Illustrated notes

Levels and vault maps discovered:
D:1:      wheals_arrival_shading, layout_loops_ring, chequers_jeans,
          chequers_mini_garden, hangedman_abyss_or_decor_stabs,
          minmay_worlds_worst_comb
D:2:      layout_basic, feat_on_display, uniq_robin, uniq_crazy_yiuf_cottage

Skill      XL: |  1  2  3 |
---------------+----------+-----
Fighting       | 1 2 |  2.1
Stealth        | 2 3 |  3.7
Dodging        | |  2.6
Unarmed Combat | |  2.4
Spellcasting   | |  2.6
Transmutations | |  2.6

Action                   || total
-------------------------++-------
Melee: Unarmed           ||    35
       Kick              ||    14
       Headbutt          ||     8
       Dagger            ||   118
       Punch             ||     1
 Cast: Beastly Appendage ||    11
  Use: Potion            ||     1
 Stab: Sleeping          ||    11
Armor: Robe              ||    22
Dodge: Dodged            ||   156
